 Dungeon Crawl Stone Soup version 0.31-a0-196-g86fe4a5e66 (webtiles) character file.

Game seed: 4941442364272898278

2741 rabbitsville the Arsonist (level 9, -12/62 HPs)
             Began as a Hill Orc Fire Elementalist on June 24, 2023.
             Was a Follower of Sif Muna.
             Mangled by an orc knight
             ... wielding a +0 war axe
              (32 damage)
             ... in a bailey.
             The game lasted 00:35:17 (7135 turns).

rabbitsville the Arsonist (HOFE)                    Turns: 7135, Time: 00:35:18

Health: -12/62     AC:  3    Str: 11    XL:     9   Next: 68%
Magic:  3/24       EV: 12    Int: 19    God:    Sif Muna [*.....]
Gold:   338        SH:  0    Dex: 11    Spells: 9/17 levels left

rFire   . . .        C - +2 short sword (elec)
rCold   . . .        (no shield)
rNeg    . . .        a - +0 robe
rPois   .            (no helmet)
rElec   .            (no cloak)
rCorr   .            (no gloves)
SInv    .            n - +0 pair of boots
Will    .....        (no amulet)
Stlth   ++           p - ring of flight
HPRegen 0.30/turn    D - ring of magical power
MPRegen 0.19/turn

%: no passive effects
@: flying
A: no striking features
a: Renounce Religion, Channel Magic


You were in a bailey.
You worshipped Sif Muna.
Sif Muna was aware of your devotion.
You visited 2 branches of the dungeon, and saw 9 of its levels.
You also visited: Ossuary and Bailey.

You collected 338 gold pieces.

Inventory:

Hand Weapons
 e - a +0 whip
 C - a +2 short sword of electrocution (weapon)
Armour
 a - a +0 robe (worn)
 n - a +0 pair of boots (worn)
Jewellery
 p - a ring of flight (left hand)
 w - a ring of poison resistance
 x - the amulet of Elemental Vulnerability {rPois rF-- rC-- AC+8}
   (You found it on level 4 of the Dungeon)

   [amulet of nothing]

   AC:        It affects your AC (+8).
   rF:        It makes you very vulnerable to fire.
   rC:        It makes you very vulnerable to cold.
   rPois:     It protects you from poison.
 B - a ring of protection from fire
 D - a ring of magical power (right hand)
Wands
 u - a wand of paralysis (6)
 E - a wand of roots (13)
 F - a wand of polymorph (9)
Scrolls
 d - a scroll of poison {unknown}
 g - 3 scrolls of identify {unknown}
 h - 2 scrolls of fear
 i - a scroll of fog {unknown}
 q - 2 scrolls of teleportation {unknown}
 s - a scroll of vulnerability {unknown}
 y - a scroll of brand weapon {unknown}
 z - a scroll of amnesia {unknown}
 A - 2 scrolls of enchant armour {unknown}
Potions
 b - 2 potions of magic
 c - 2 potions of degeneration {unknown}
 f - 4 potions of haste {unknown}
 j - a potion of attraction {unknown}
 k - 2 potions of ambrosia {unknown}
 l - a potion of resistance {unknown}
 m - 3 potions of heal wounds {unknown}
 o - 4 potions of lignification {unknown}
 r - 5 potions of mutation {unknown}
 t - a potion of might
 v - 6 potions of curing {unknown}


   Skills:
 - Level 1.5 Dodging
 - Level 1.5 Stealth
 + Level 4.6 Spellcasting
 * Level 8.2 Conjurations
 * Level 9.6 Fire Magic


You had 9 spell levels left.
You knew the following spells:

 Your Spells              Type           Power      Damage    Failure   Level
a - Foxfire               Conj/Fire      100%       2x1d9     1%          1
b - Magic Dart            Conj           100%       1d8       1%          1
c - Scorch                Fire           82%        2d8       1%          2
d - Flame Wave            Conj/Fire      38%        2d10      3%          4

Your spell library contained the following spells:

 Spells                   Type           Power      Damage    Failure   Level
 Inner Flame              Hex/Fire       22%        N/A       5%          3
 Volatile Blastmotes      Fire/Tloc      44%        2d13      5%          3
 Apportation              Tloc           8%         N/A       13%         1
 Necrotise                Necr           16%        1d4       13%         1
 Summon Small Mammal      Summ           16%        N/A       13%         1
 Mephitic Cloud           Conj/Pois/Air  14%        N/A       13%         3
 Call Imp                 Summ           8%         N/A       21%         2
 Call Canine Familiar     Summ           4%         N/A       36%         3
 Portal Projectile        Hex/Tloc       8%         N/A       36%         3
 Leda's Liquefaction      Hex/Erth       2%         N/A       78%         4


Dungeon Overview and Level Annotations

Branches:
Dungeon (8/15)             Temple (1/1) D:5         Ossuary (visited)
 Bailey (1/1)
   Lair: D:8-11

Altars:
Ashenzari
Dithmenos
Elyvilon
Fedhas
Hepliaklqana
Kikubaaqudgha
Makhleb
Nemelex Xobeh
Okawaru
Qazlal
Ru
Sif Muna
Trog
Uskayaw
Yredelemnul
Zin


Message History

You conjure some foxfire!
The foxfire hits the orc knight.
The orc knight is lightly wounded.
The foxfire hits the orc knight.
The orc knight is lightly wounded.
Flames lash the orc knight.
The orc knight is lightly wounded.
The orc knight's fire resistance burns away.
The foxfire hits the orc knight but does no damage.
The orc knight is lightly wounded.
The foxfire hits the orc knight but does no damage.
The orc knight is lightly wounded.
The orc knight drinks a potion.
The orc knight seems to grow stronger.
Flames lash the orc knight.
The orc knight is burned terribly!
The orc knight is moderately wounded.
A wave of flame ripples out!
The flame wave engulfs the orc knight!
The orc knight is burned terribly!
The orc knight is moderately wounded. (Press . to intensify the flame waves.)
You hear a shout!
The orc knight hits you with a +0 war axe!
A wave of flame ripples out!
The flame wave engulfs the orc knight!
The orc knight is burned terribly!
The orc knight is heavily wounded.
You hear a shout!
The orc knight closely misses you.
A wave of flame ripples out!
The flame wave engulfs the orc knight!
The orc knight is burned terribly!
The orc knight is heavily wounded.
You smell burning wood.
You finish channelling waves of flame.
The orc knight hits you with a +0 war axe!!
You are too injured to fight recklessly!
Casting: Flame Wave (dangerous; 3% risk of failure)
Press: ? - help, Q - select action, (/) - cycle Dir - look around, f - activate A wave of flame ripples out!
The flame wave engulfs the orc knight but does no damage.
The orc knight is heavily wounded. (Press . to intensify the flame waves.)
The orc knight hits you with a +0 war axe!!
Ouch! That really hurt!
You die...

##.......##.......##.......##
#.......'.........'.......#
##.....##..)).....##.....##
#######.....⌠.)...#######
##..)).)...## #...).....#
##..)....## #...o...#
##..)@.## ♣♣##'''##♣
♣.....)..♣♣ ♣♣♣.).)....♣
♣.....∩....♣♣ ♣♣..........♣
♣.....∩.....♣ ♣♣.........♣♣
♣.........♣


You could see an orc knight (strong, combustible).

Vanquished Creatures
  Sigmund (D:2)
  4 ice beasts
  An ogre (D:5)
  4 orc warriors (Bailey)
  A black bear (D:8)
  2 elf zombies (D:4)
  2 elf skeletons (D:4)
  A scorpion (D:5)
  5 water moccasin zombies (Ossuary)
  3 howler monkeys (D:7)
  3 hounds
  An orc priest (D:5)
  A human zombie (D:4)
  A jelly (D:6)
  A gnoll bouda (D:5)
  4 human skeletons (D:4)
  3 iguanas (D:5)
  5 orc wizards
  2 mummies (Ossuary)
  5 adders
  19 gnolls
  A shadow imp (D:6)
  A white imp (D:5)
  An ufetubus (D:5)
  3 adder zombies (Ossuary)
  2 worms
  2 dart slugs
  21 orcs
  2 bats
  6 endoplasms
  5 giant cockroaches
  14 goblins
  11 hobgoblins
  4 jackals (D:2)
  8 kobolds
  3 quokkas
  9 ball pythons
  3 frilled lizards
  7 gnoll zombies (Ossuary)
  4 hobgoblin zombies (Ossuary)
  11 kobold zombies (Ossuary)
  2 orc skeletons (D:4)
  7 orc zombies (Ossuary)
  3 rats
199 creatures vanquished.

Vanquished Creatures (others)
  711 foxfires
711 creatures vanquished.

Grand Total: 910 creatures vanquished

Notes
Turn   | Place    | Note
-------+----------+-------------------------------------------
     0 | D:1      | rabbitsville the Hill Orc Fire Elementalist began the quest
                  | for the Orb.
     0 | D:1      | Reached XP level 1. HP: 14/14 MP: 3/3
   263 | D:1      | Reached XP level 2. HP: 20/20 MP: 2/4
   651 | D:1      | Learned a level 1 spell: Magic Dart
   654 | D:1      | Learned a level 2 spell: Scorch
   820 | D:2      | Reached XP level 3. HP: 8/26 MP: 0/5
  1078 | D:2      | Reached skill level 4 in Fire Magic
  1110 | D:2      | Noticed Sigmund
  1114 | D:2      | Killed Sigmund
  1115 | D:2      | Reached skill level 5 in Fire Magic
  1115 | D:2      | Reached XP level 4. HP: 33/33 MP: 0/7
  1115 | D:2      | Reached XP level 5. HP: 38/38 MP: 0/8
  1624 | D:2      | Found a faded altar of an unknown god.
  1880 | D:3      | Found an iron altar of Okawaru.
  2000 | D:3      | Noticed a +0 hand axe
  2000 | D:3      | Noticed a +0 hand axe
  2003 | D:3      | Found a hide-covered altar of Uskayaw.
  2121 | D:3      | Reached XP level 6. HP: 45/45 MP: 3/9
  2325 | D:3      | Found a white marble altar of Elyvilon.
  2381 | D:3      | Found a shadowy altar of Dithmenos.
  2508 | D:3      | Found a sparkling altar of Nemelex Xobeh.
  2922 | D:4      | Found the amulet of Elemental Vulnerability {rPois rF--
                  | rC-- AC+8}
  2961 | D:4      | Reached XP level 7. HP: 39/50 MP: 1/11
  3028 | D:4      | Reached skill level 6 in Fire Magic
  3047 | D:4      | Found a sand-covered staircase.
  3055 | Ossuary  | Entered an ossuary
  3482 | Ossuary  | Reached skill level 5 in Conjurations
  3898 | D:4      | Reached XP level 8. HP: 57/57 MP: 7/12
  3961 | D:4      | Reached skill level 7 in Fire Magic
  4527 | D:5      | Entered Level 5 of the Dungeon
  4843 | D:5      | Reached skill level 8 in Fire Magic
  5503 | D:5      | Found a staircase to the Ecumenical Temple.
  5515 | Temple   | Entered the Ecumenical Temple
  5639 | Temple   | Became a worshipper of Sif Muna the Loreminder
  5751 | D:5      | Reached XP level 9. HP: 38/62 MP: 15/15
  5875 | D:5      | Found a broken altar of Ashenzari.
  6271 | D:6      | Found an ancient bone altar of Kikubaaqudgha.
  6461 | D:6      | You are sucked into a shaft and drop 1 floor!
  6494 | D:7      | Reached skill level 9 in Fire Magic
  6516 | D:7      | Noticed a purple ugly thing
  6560 | D:8      | Found a flagged portal.
  6679 | Bailey   | Entered a bailey
  6736 | Bailey   | Learned a level 4 spell: Flame Wave
  6794 | Bailey   | Reached * piety under Sif Muna
  7124 | Bailey   | Noticed an orc knight
  7135 | Bailey   | Mangled by an orc knight

Illustrated notes

Levels and vault maps discovered:
D:1:      scummos_arrival_gate, layout_basic, nicolae_kite_square_tiling_tiny
D:2:      layout_basic, hellmonk_ecumenical_altar_arch_garden,
          minmay_misc_feat_iff, uniq_sigmund
D:3:      layout_basic, mainiacjoe_overflow_alcove_1, lemuel_round_altar,
          nicolae_overflow_crystal_walls, elyvilon_altar_5,
          dancing_weapons_uskayaw, grunt_ministairs_7
D:4:      layout_rooms, nicolae_ossuary_entry_catacombs, grunt_ministairs_3
D:5:      layout_loops_cross, nicolae_ashenzari_skybound,
          minmay_temple_entry_mini_moons, lemuel_flamethrower_2
D:6:      layout_rooms, mainiacjoe_overflow_boulevard,
          mainiacjoe_overflow_24_doors
D:7:      layout_layer_cave, xom_redecorated, lemuel_round_altar,
          nicolae_overflow_hidden_temple, gammafunk_ghost_nasty_kobolds,
          kb_lookout_dungeons_type, hangedman_abyss_or_decor_stagger,
          grunt_ministairs_15, uniq_menkaure
D:8:      layout_cave_pools, vehumet_altar_wand_db, erik_lair_orcish_takeover,
          enter_bailey_5
Temple:   kb_temple_of_zot
Bailey:   bailey_axe_minmay_hex_keep, bailey

Skill      XL: |  1  2  3  4  5  6  7  8  9 |
---------------+----------------------------+-----
Conjurations   | 3 4 5 7 8 |  8.2
Fire Magic     | 5 6 8 9 |  9.6
Spellcasting   | 2 3 4 |  4.6
Dodging        | |  1.5
Stealth        | |  1.5

Action                     |  1- 3 |  4- 6 |  7- 9 || total
---------------------------+-------+-------+-------++-------
  Melee: Whip              |     8 |    21 |    39 ||    68
         Punch             |       |       |     1 ||     1
         Short sword       |       |       |    21 ||    21
   Cast: Foxfire           |    38 |    75 |   290 ||   403
         Scorch            |     1 |     3 |    34 ||    38
         Magic Dart        |       |    14 |     2 ||    16
         Flame Wave        |       |       |     3 ||     3
    Use: Scroll            |       |       |     1 ||     1
   Stab: Sleeping          |       |       |     1 ||     1
 Armour: Robe              |     8 |     5 |    49 ||    62
  Dodge: Dodged            |    30 |    17 |   128 ||   175

Table legend: (Time is in decaauts)
 A = Elapsed time spent in this place.
 B = Non-inter-level travel time spent in this place.
 C = Inter-level travel time spent in this place.
 D = Time resting spent in this place.
 E = Time spent auto-exploring this place.
 F = Levels seen in this place.
 G = Mean time per level.
                   A        B        C        D        E       F      G
               +--------+--------+--------+--------+--------+-----+--------+
         Total |   7137 |   6970 |    167 |    915 |   3168 |  11 |  648.8 |
       Dungeon |   5687 |   5547 |    140 |    271 |   3004 |   8 |  710.9 |
        Temple |    152 |    125 |     27 |      0 |     83 |   1 |  152.0 |
       Ossuary |    841 |    841 |      0 |    433 |     61 |   1 |  841.0 |
        Bailey |    455 |    455 |      0 |    211 |     20 |   1 |  455.0 |
               +--------+--------+--------+--------+--------+-----+--------+

Top non-repeatable levels by time:
     D:5: 1404 daAuts
     D:2: 1049 daAuts
     D:4: 1009 daAuts
     D:3: 925 daAuts
 Ossuary: 841 daAuts
     D:1: 768 daAuts
  Bailey: 455 daAuts
     D:6: 313 daAuts
  Temple: 152 daAuts
     D:8: 144 daAuts
     D:7: 72 daAuts
